 Dungeon Crawl Stone Soup version 0.22-a0-542-gce4f928 (webtiles) character file.

4828 Hebeh the Cleaver (level 10, -2/91 HPs)
             Began as a Minotaur Fighter on June 24, 2018.
             Was a Believer of Trog.
             Slain by a polar bear (14 damage)
             ... on level 9 of the Dungeon.
             The game lasted 00:22:48 (9312 turns).

Hebeh the Cleaver (Minotaur Fighter)                Turns: 9312, Time: 00:22:48

Health: -2/91      AC: 14    Str: 20    XL:     10   Next: 25%
Magic:  9/9        EV:  5    Int:  5    God:    Trog [**....]
Gold:   377        SH: 16    Dex:  9    Spells: 9/9 levels left

rFire    . . .     SeeInvis .   i - +1 broad axe
rCold    . . .     Gourm    .   b - +5 shield "Tofypsuz" {rN+ MR+ Str-5}
rNeg     + . .     Faith    .   w - +0 plate armour
rPois    +         Spirit   .   (helmet restricted)
rElec    .         Reflect  .   (no cloak)
rCorr    .         Harm     .   (no gloves)
MR       +....                  (no boots)
Stlth    ..........             (no amulet)
HPRegen  0.25/turn              (no ring)
MPRegen  0.11/turn              p - ring of poison resistance

@: no status effects
A: retaliatory headbutt, horns 2
a: Berserk, Trog's Hand, Renounce Religion


You were on level 9 of the Dungeon.
You worshipped Trog.
Trog was pleased with you.
You were not hungry.

You visited 2 branches of the dungeon, and saw 10 of its levels.
You also visited: Ossuary.

You collected 377 gold pieces.

Inventory:

Hand Weapons
 a - a +0 war axe
 i - a +1 broad axe (weapon)
Armour
 b - the +5 shield "Tofypsuz" (worn) {rN+ MR+ Str-5}
   (You acquired it on level 8 of the Dungeon)

   It affects your strength (-5).
   It protects you from negative energy.
   It affects your resistance to hostile enchantments.
 c - a +0 shield
 w - a +0 plate armour (worn)
Jewellery
 p - a ring of poison resistance (right hand)
Wands
 r - a wand of disintegration (27)
Scrolls
 g - 6 scrolls of teleportation
 j - 3 scrolls of identify
 l - 3 scrolls of remove curse
 t - a scroll of fog
 u - a scroll of blinking
Potions
 d - 4 potions of might
 e - 2 potions of lignification
 h - 2 potions of haste {unknown}
 k - 2 potions of resistance {unknown}
 m - 5 potions of curing {unknown}
 n - 2 potions of berserk rage {unknown}
 o - a potion of mutation {unknown}
 q - 2 potions of degeneration {unknown}
 s - 2 potions of agility {unknown}
Comestibles
 f - 8 rations


   Skills:
 + Level 9.0 Fighting
 * Level 11.5 Axes
 + Level 8.9 Armour
 + Level 8.9 Shields


You had 9 spell levels left.
You didn't know any spells.
Your spell library was empty.

Dungeon Overview and Level Annotations

Branches:
Dungeon (9/15)             Temple (1/1) D:6
   Lair: D:8-11         Orc: D:9-12

Altars:
Ashenzari
Cheibriados
Dithmenos
Elyvilon
Fedhas
Gozag
Hepliaklqana
Kikubaaqudgha
Makhleb
Ru
Sif Muna
Trog
Uskayaw
Vehumet
Wu Jian
Xom
Yredelemnul
Zin


Innate Abilities, Weirdness & Mutations

You reflexively headbutt those who attack you in melee.
You have a pair of horns on your head.


Message History

You are too injured to fight recklessly!
You slash the polar bear!
The polar bear is severely wounded.
The polar bear goes berserk!
You barely miss the polar bear. Your headbutt misses the polar bear.
The polar bear is severely wounded.
The polar bear bites you!
* * * LOW HITPOINT WARNING * * *
The polar bear claws you but does no damage.
You block the polar bear's attack.
You hit the polar bear but do no damage.
The polar bear is severely wounded.
You block the polar bear's attack. x2
The polar bear claws you but does no damage.
The polar bear barely misses you. You furiously retaliate!
You headbutt the polar bear, but do no damage.
The polar bear closely misses you.
The polar bear claws you but does no damage.
The polar bear bites you!
You die...

# #.##.##.# .#
#######.##.##.# .#
#.............# . #
.#####.##.##.# .#.#
#.##.##.# #..#
#.##.##.## #..#
#.##...(. #
##.######.#####.#
##.## ##.........#
#@##.....
..##########
#h.......
#..........#
#...$....
#.########<#
#h######.# #.# #.#
#......... #.# #.#
#......... ..#
#####.#####.##.....#
### #...........#
##.###
#.##.............#


You could see 2 polar bears.

Vanquished Creatures
  A two-headed ogre (D:9)
  A kobold demonologist (D:8)
  Grinder (D:3)
  2 hippogriffs (D:8)
  2 water moccasins
  2 orc warriors (D:7)
  3 black bears
  A hornet zombie (D:7)
  5 ogres
  3 ice beasts
  A bullfrog (D:7)
  A wyvern zombie (D:6)
  3 scorpions
  6 killer bees (D:9)
  3 howler monkeys
  2 crimson imps (D:5)
  2 hounds
  3 jellies
  2 centaur skeletons
  2 centaur zombies
  4 orc wizards
  3 orc priests
  3 worker ants
  2 iguanas (D:7)
  12 mummies (Ossuary)
  14 gnolls
  11 adders
  3 shadow imps
  A white imp (D:9)
  3 oozes
  An adder zombie (D:7)
  3 adder skeletons
  A worm (D:2)
  4 dart slugs
  4 leopard geckos
  13 orcs
  5 ball pythons
  4 giant cockroaches
  A gnoll zombie (D:7)
  9 goblins
  7 hobgoblins
  19 jackals
  4 quokkas
  7 bats
  3 frilled lizards
  2 gnoll skeletons (Ossuary)
  A goblin skeleton (Ossuary)
  A hobgoblin zombie (D:7)
  6 kobolds
  2 kobold skeletons (Ossuary)
  3 orc skeletons (Ossuary)
  A quokka simulacrum (D:9)
  4 rats
  11 rat skeletons (Ossuary)
218 creatures vanquished.

Notes
Turn   | Place    | Note
-------+----------+-------------------------------------------
     0 | D:1      | Hebeh the Minotaur Fighter began the quest for the Orb.
     0 | D:1      | Reached XP level 1. HP: 19/19 MP: 0/0
    77 | D:1      | Reached XP level 2. HP: 5/27 MP: 1/1
   464 | D:1      | Reached skill level 3 in Axes
  1083 | D:2      | Reached XP level 3. HP: 33/33 MP: 2/2
  1086 | D:2      | Found a faded altar of an unknown god.
  1112 | D:2      | Found a shattered altar of Ashenzari.
  1728 | D:2      | Found an ancient bone altar of Kikubaaqudgha.
  1955 | D:2      | Reached XP level 4. HP: 40/40 MP: 3/3
  2218 | D:3      | Found an opulent altar of Gozag.
  2271 | D:3      | Reached skill level 4 in Axes
  2411 | D:3      | Noticed Grinder
  2420 | D:3      | Killed Grinder
  2420 | D:3      | Reached skill level 5 in Axes
  2420 | D:3      | Reached XP level 5. HP: 18/47 MP: 4/4
  2420 | D:3      | Reached XP level 6. HP: 21/55 MP: 5/5
  2691 | D:3      | Found a snail-covered altar of Cheibriados.
  2744 | D:3      | Reached skill level 5 in Fighting
  2898 | D:4      | Reached skill level 5 in Armour
  2898 | D:4      | Reached skill level 5 in Shields
  2958 | D:4      | Reached skill level 6 in Axes
  3240 | D:4      | Reached XP level 7. HP: 59/61 MP: 6/6
  3243 | D:4      | Found a hide-covered altar of Uskayaw.
  4065 | D:5      | Entered Level 5 of the Dungeon
  4202 | D:5      | Reached skill level 7 in Axes
  4240 | D:5      | Reached XP level 8. HP: 13/70 MP: 7/7
  4582 | D:5      | Found a shadowy altar of Dithmenos.
  4749 | D:5      | Reached skill level 8 in Axes
  5276 | D:6      | Found a staircase to the Ecumenical Temple.
  5298 | Temple   | Entered the Ecumenical Temple
  5431 | Temple   | Became a worshipper of Trog the Wrathful
  6032 | D:7      | Reached skill level 9 in Axes
  6159 | D:7      | Found a shimmering altar of Xom.
  6159 | D:7      | Found a shimmering altar of Xom.
  6159 | D:7      | Found a shimmering altar of Xom.
  6159 | D:7      | Found a shimmering altar of Xom.
  6160 | D:7      | Found a shimmering altar of Xom.
  6453 | D:7      | Reached XP level 9. HP: 61/79 MP: 8/8
  6468 | D:7      | Found a sand-covered staircase.
  6475 | Ossuary  | Entered an ossuary
  6651 | Ossuary  | Reached * piety under Trog
  7426 | D:7      | Found a shimmering altar of Xom.
  7428 | D:7      | Found a shimmering altar of Xom.
  8074 | D:7      | Reached skill level 10 in Axes
  8121 | D:8      | Found a burning altar of Makhleb.
  8158 | D:8      | Reached ** piety under Trog
  8224 | D:8      | Noticed a kobold demonologist
  8236 | D:8      | Killed a kobold demonologist
  8325 | D:8      | Found a white marble altar of Elyvilon.
  8514 | D:8      | Identified a scroll of acquirement
  8517 | D:8      | Got a brightly glowing shield
  8528 | D:8      | Identified the +5 shield "Tofypsuz" {rN+ MR+ Str-5} (You acquired it on level 8 of the Dungeon)
  8564 | D:9      | Reached skill level 11 in Axes
  8659 | D:9      | Found a shimmering altar of Xom.
  8660 | D:9      | Found a blossoming altar of Fedhas.
  8660 | D:9      | Found a sacrificial altar of Ru.
  8676 | D:9      | Reached XP level 10. HP: 78/90 MP: 9/9
  8915 | D:9      | Noticed a two-headed ogre
  8926 | D:9      | Killed a two-headed ogre
  9312 | D:9      | Slain by a polar bear

Vault maps used:
D:1:      minmay_arrival_wavy_path
D:2:      lemuel_coloured_pillars_altar, evilmike_ruin_ashenzari,
          chequers_ecumenical_altar_island
D:3:      cheibriados_altar_1, nicolae_overflow_crystal_walls, uniq_grinder
D:4:      eat_drink_and_be_merry_uskayaw, first_ration, kennysheep_flooded_box
D:5:      kennysheep_little_box
D:6:      minmay_temple_entry_glass
D:7:      enter_ossuary_3, xom_redecorated
D:8:      bloody_makhleb, elyvilon_altar_4
D:9:      marbit_many_paths, chequers_temple_overflow_statue_of_worship,
          serial_shops, nicolae_shop_overgrown_old_shop, serial_ice,
          serial_ice_n, serial_ice_h, serial_ice_g, serial_ice_e
Temple:   jpeg_temple_island
Ossuary:  ossuary_due_small_catacomb

Skill      XL: |  1  2  3  4  5  6  7  8  9 10 |
---------------+-------------------------------+-----
Axes           | 3 5 6 7 9 11 | 11.5
Fighting       | 4 5 6 7 8 9 |  9.0
Armour         | 4 5 6 7 8 |  8.9
Shields        | 4 5 6 7 8 |  8.9

Action                   |  1- 3 |  4- 6 |  7- 9 | 10-12 || total
-------------------------+-------+-------+-------+-------++-------
Melee: War axe           |   111 |   101 |     4 |       ||   216
       Headbutt          |    10 |    20 |    55 |     7 ||    92
       Broad axe         |       |       |   345 |    45 ||   390
Evoke: Wand              |       |       |     1 |       ||     1
  Use: Scroll            |       |     5 |    10 |       ||    15
  Eat: Chunk             |     3 |     4 |    15 |       ||    22
       Ration            |       |       |     1 |     1 ||     2
Armor: Scale mail        |    46 |    43 |    65 |       ||   154
       Plate armour      |       |       |    46 |    37 ||    83
Dodge: Dodged            |    27 |    35 |   105 |    13 ||   180
Block: Shield            |    74 |    55 |   182 |    54 ||   365

Table legend:
 A = Spawn XP
 B = Non-spawn XP
 C = Spawn XP percentage of total XP
 D = Spawn monster count
 E = Non-spawn monster count
 F = Spawn count percentage of total count
 G = Total turns spent on level
                    A         B        C        D         E        F      G
               +---------+---------+-------+---------+---------+-------+---------
         Total |       0 |    6898 |   0.0 |       0 |     218 |   0.0 |  9312
               +---------+---------+-------+---------+---------+-------+---------
           D:1 |       0 |      24 |   0.0 |       0 |      15 |   0.0 |  1055
           D:2 |       0 |      81 |   0.0 |       0 |      26 |   0.0 |  1089
           D:3 |       0 |     353 |   0.0 |       0 |      26 |   0.0 |   747
           D:4 |       0 |     588 |   0.0 |       0 |      31 |   0.0 |  1174
           D:5 |       0 |     863 |   0.0 |       0 |      16 |   0.0 |  1025
           D:6 |       0 |     504 |   0.0 |       0 |      18 |   0.0 |   739
           D:7 |       0 |    1056 |   0.0 |       0 |      22 |   0.0 |  1740
           D:8 |       0 |    1236 |   0.0 |       0 |      16 |   0.0 |   476
           D:9 |       0 |    1960 |   0.0 |       0 |      17 |   0.0 |   758
       Ossuary |       0 |     233 |   0.0 |       0 |      31 |   0.0 |   344
               +---------+---------+-------+---------+---------+-------+---------
